Flyers vs Red Wings

Created - 18 mai 2022 at 23:35

Goals
1 2 3 T
Flyers 1 1 0 2
Red Wings 0 1 0 1
Shots
1 2 3 T
Flyers 12 12 15 39
Red Wings 10 10 15 35

1st period

1. Flyers , Jakub Vrana 3 (Anthony Cirelli 6) at 3:34

Penalties :
Drew O'Connor (PHI) for Holding (Minor) at 11:07, Duncan Keith (DET) for Hooking (Minor) at 17:37

2nd period

2. Red Wings , Lars Eller 3 (Duncan Keith 5, Jeff Petry 7) at 2:43
3. Flyers , Patrick Kane 7 (Leon Draisaitl 8) at 6:26 (PP)

Penalties :
Duncan Keith (DET) for Holding Stick (Minor) at 6:08, Kevin Fiala (PHI) for Slashing (Minor) at 13:07

3rd period

No Goal

Penalties :
Aaron Ekblad (PHI) for Roughing (Minor) at 12:07

Goalie Stats

Kevin Lankinen (PHI), 34 saves from 35 shots - (0,971), W, 2-1-0, 60:00 minutes
Marc-Andre Fleury (DET), 37 saves from 39 shots - (0,949), L, 5-4-1, 59:02 minutes

Players Stats for Flyers

Player Name              G  A  P  +/- PIM S  H  SB GA TA FO     MP     PP MP  PK MP  
------------------------------------------------------------------------------------
Aaron Ekblad             0  0  0  -1  2   5  3  2  0  2  0/0    26:49   1:38   2:20 
Anthony Cirelli          0  1  1   0  0   1  1  1  0  0  6/14   16:26   0:56   2:36 
Calle Jarnkrok           0  0  0   0  0   2  1  0  0  2  0/3    13:46   0:00   0:16 
Drew O'Connor            0  0  0   0  2   0  1  0  1  1  0/0     7:06   0:00   0:00 
Dylan Cozens             0  0  0   0  0   1  1  0  0  0  0/0     7:47   0:00   0:43 
Gabriel Vilardi          0  0  0   0  0   1  1  0  0  0  2/4     9:07   0:00   0:02 
Jakub Vrana              1  0  1   0  0   3  0  0  0  0  0/1    13:33   0:56   0:00 
John Marino              0  0  0   0  0   0  0  0  0  0  0/0    15:33   0:00   1:43 
Justin Holl              0  0  0   1  0   2  2  1  0  0  0/0    17:24   0:39   1:41 
Justin Schultz           0  0  0   0  0   0  1  0  0  0  0/0     5:08   0:00   0:54 
Kevin Fiala              0  0  0   0  2   1  2  2  0  0  2/4    20:22   1:21   0:51 
Leon Draisaitl           0  1  1   0  0   6  1  2  1  0  13/30  20:19   1:21   2:58 
MacKenzie Weegar         0  0  0  -1  0   0  2  2  0  2  0/0    24:07   1:38   3:28 
Martin Necas             0  0  0   0  0   2  0  0  0  0  0/0    14:10   0:56   0:20 
Noah Hanifin             0  0  0   0  0   0  0  0  0  1  0/0    13:57   0:00   0:07 
Patrick Kane             1  0  1   0  0   4  1  1  1  0  0/1    22:30   1:21   2:58 
Patrik Nemeth            0  0  0   1  0   1  1  0  0  2  0/0    17:24   0:39   1:41 
Scott Laughton           0  0  0   0  0   5  0  0  2  0  0/0    12:58   0:00   0:00 
Travis Konecny           0  0  0   0  0   5  2  0  2  0  1/1    14:41   0:00   1:10 
Wade Allison             0  0  0   0  0   0  0  0  0  0  0/0     0:53   0:00   0:00 

Players Stats for Red Wings

Player Name              G  A  P  +/- PIM S  H  SB GA TA FO     MP     PP MP  PK MP  
------------------------------------------------------------------------------------
Anton Stralman           0  0  0   0  0   2  0  1  0  0  0/0    20:56   2:34   0:46 
Connor Brown             0  0  0  -1  0   3  2  0  0  0  1/1    19:17   2:34   0:00 
David Pastrnak           0  0  0  -1  0   2  1  0  2  0  0/1    19:34   3:01   0:07 
Duncan Keith             0  1  1   1  4   3  0  1  0  1  0/0    20:27   2:33   0:00 
Dylan DeMelo             0  0  0   0  0   2  0  4  0  0  0/0    20:03   2:34   0:28 
Haydn Fleury             0  0  0  -1  0   1  0  1  0  1  0/0    17:40   0:50   0:59 
Jeff Petry               0  1  1   1  0   3  3  0  3  2  0/0    21:18   2:33   1:11 
John Tavares             0  0  0   1  0   2  4  1  0  0  17/23  17:39   3:01   0:00 
Jujhar Khaira            0  0  0   0  0   1  3  0  1  0  1/3    10:26   0:22   1:09 
Lars Eller               1  0  1   1  0   3  1  0  1  0  0/0    17:12   2:34   0:00 
Mark Scheifele           0  0  0  -1  0   5  1  0  1  0  10/18  19:27   3:01   0:00 
Nico Sturm               0  0  0   0  0   1  0  0  0  1  1/1     7:34   0:08   0:07 
Noel Acciari             0  0  0   0  0   1  1  0  1  0  3/9    14:55   0:14   1:01 
Oliver Bjorkstrand       0  0  0   1  0   0  2  1  0  0  1/2    17:12   2:34   0:00 
Pat Maroon               0  0  0   0  0   2  0  0  1  0  0/0     7:27   0:08   0:00 
Troy Stecher             0  0  0  -1  0   0  1  0  0  1  0/0    18:14   0:50   1:10 
Zach Aston-Reese         0  0  0   0  0   3  1  2  0  1  0/0    14:52   0:14   1:01 
Zemgus Girgensons        0  0  0   0  0   1  0  3  0  0  0/0    13:28   0:00   1:09 

3 Stars

1 - Kevin Lankinen (PHI)
2 - Marc-Andre Fleury (DET)
3 - Patrick Kane (PHI)

Power Play

Flyers - 1 on 2 Attempt(s) - 50,00%
Red Wings - 0 on 3 Attempt(s) - 0,00%

Penalty Kill

Flyers - 3 on 3 Attempt(s) - 100,00% - Score 0 goal in Penalty Kill
Red Wings - 1 on 2 Attempt(s) - 50,00% - Score 0 goal in Penalty Kill

Team Stat

Flyers - Hits : 20 - Faceoff Wins : 24 - Blocked Shots : 11 - Penalty Minutes : 6
Red Wings - Hits : 20 - Faceoff Wins : 34 - Blocked Shots : 14 - Penalty Minutes : 4

Official

Referees : Brett Roeland and Kelly Sutherland
Linesman : James Tobias and Tyson Baker

Game Notes

No Game Note

Finance

Level 1 -- Attendance: 5633 (93,88%) -- Ticket Income 732 290 $
Level 2 -- Attendance: 4243 (84,86%) -- Ticket Income 360 655 $
Level 3 -- Attendance: 1849 (92,45%) -- Ticket Income 92 450 $
Level 4 -- Attendance: 4000 (100,00%) -- Ticket Income 100 000 $
Luxury Box -- Attendance: 927 (92,70%) -- Ticket Income 231 750 $
Game was played at the Octopus Arena.
Total Attendance: 16652 (92,51%)
Total Ticket Income: 1 517 145 $
Other Income: 743 401 $
Total Income: 2 260 546 $

Flyers

5 vs 5 Forward 
   Center                   Left Wing                Right Wing               Time % Phy DF OF 
 1 Leon Draisaitl           Patrick Kane             Kevin Fiala              40     1   2  2  
 2 Anthony Cirelli          Martin Necas             Jakub Vrana              30     1   2  2  
 3 Calle Jarnkrok           Travis Konecny           Scott Laughton           20     1   2  2  
 4 Gabriel Vilardi          Drew O'Connor            Dylan Cozens             10     1   2  2  

5 vs 5 Defense 
   Defense                  Defense                                           Time % Phy DF OF 
 1 Aaron Ekblad             MacKenzie Weegar                                  40     1   2  2  
 2 Justin Holl              Patrik Nemeth                                     30     1   2  2  
 3 Noah Hanifin             John Marino                                       20     1   2  2  
 4 Justin Schultz           Aaron Ekblad                                      10     1   2  2  

PowerPlay Forward 
   Center                   Left Wing                Right Wing               Time % Phy DF OF 
 1 Leon Draisaitl           Patrick Kane             Kevin Fiala              60     1   2  2  
 2 Anthony Cirelli          Martin Necas             Jakub Vrana              40     1   2  2  

PowerPlay Defense
   Defense                  Defense                                           Time % Phy DF OF 
 1 Aaron Ekblad             MacKenzie Weegar                                  60     1   2  2  
 2 Justin Holl              Patrik Nemeth                                     40     1   2  2  

Penalty Kill 4 Players Forward 
   Center                   Wing                     Time % Phy DF OF 
 1 Leon Draisaitl           Patrick Kane             60     1   2  2  
 2 Kevin Fiala              Anthony Cirelli          40     1   2  2  

Penalty Kill 4 Players Defense
   Defense                  Defense                  Time % Phy DF OF 
 1 Aaron Ekblad             MacKenzie Weegar         60     1   2  2  
 2 Justin Holl              Patrik Nemeth            40     1   2  2  

Penalty Kill - 3 Players Forward 
   Forward                                           Time % Phy DF OF 
 1 Leon Draisaitl                                    60     1   2  2  
 2 Patrick Kane                                      40     1   2  2  

Penalty Kill - 3 Players Defense
   Defense                  Defense                  Time % Phy DF OF 
 1 Aaron Ekblad             MacKenzie Weegar         60     1   2  2  
 2 Justin Holl              Patrik Nemeth            40     1   2  2  

4 vs 4 Forward 
   Center                   Wing                     Time % Phy DF OF 
 1 Leon Draisaitl           Patrick Kane             60     1   2  2  
 2 Kevin Fiala              Anthony Cirelli          40     1   2  2  

4 vs 4 Defense
   Defense                  Defense                  Time % Phy DF OF 
 1 Aaron Ekblad             MacKenzie Weegar         60     1   2  2  
 2 Justin Holl              Patrik Nemeth            40     1   2  2  

Last Minutes Offensive
   Center                   Left Wing                Right Wing               Defense                  Defense                  
   Leon Draisaitl           Patrick Kane             Kevin Fiala              Aaron Ekblad             MacKenzie Weegar         

Last Minutes Defensive
   Center                   Left Wing                Right Wing               Defense                  Defense                  
   Leon Draisaitl           Patrick Kane             Kevin Fiala              Aaron Ekblad             MacKenzie Weegar         

Goaltenders
Starting : Kevin Lankinen           
Backup : Ilya Samsonov            

Extra Forwards
Normal : Wade Allison, Calle Jarnkrok, Travis Konecny - PP : Wade Allison, Calle Jarnkrok - PK : Travis Konecny
Extra Defensemen
Normal : Noah Hanifin, John Marino, Justin Schultz - PP : Noah Hanifin - PK : John Marino, Justin Schultz
Penalty Shots
Leon Draisaitl, Patrick Kane, Kevin Fiala, Anthony Cirelli, Martin Necas
Custom OT Lines Forwards
Leon Draisaitl, Patrick Kane, Kevin Fiala, Anthony Cirelli, Martin Necas, Justin Holl, Jakub Vrana, Calle Jarnkrok, Travis Konecny, Scott Laughton
Custom OT Lines Defensemen
Aaron Ekblad, MacKenzie Weegar, Justin Holl, Patrik Nemeth, Noah Hanifin

Scratches
None

Red Wings

5 vs 5 Forward 
   Center                   Left Wing                Right Wing               Time % Phy DF OF 
 1 Mark Scheifele           David Pastrnak           Connor Brown             36     0   0  5  
 2 John Tavares             Lars Eller               Oliver Bjorkstrand       36     1   2  2  
 3 Noel Acciari             Zemgus Girgensons        Zach Aston-Reese         20     1   3  1  
 4 Jujhar Khaira            Nico Sturm               Pat Maroon               8      1   3  1  

5 vs 5 Defense 
   Defense                  Defense                                           Time % Phy DF OF 
 1 Duncan Keith             Jeff Petry                                        34     0   3  2  
 2 Anton Stralman           Dylan DeMelo                                      33     0   3  2  
 3 Haydn Fleury             Troy Stecher                                      33     0   4  1  
 4 Duncan Keith             Dylan DeMelo                                      0      1   2  2  

PowerPlay Forward 
   Center                   Left Wing                Right Wing               Time % Phy DF OF 
 1 John Tavares             David Pastrnak           Mark Scheifele           70     0   1  4  
 2 Lars Eller               Connor Brown             Oliver Bjorkstrand       30     0   2  3  

PowerPlay Defense
   Defense                  Defense                                           Time % Phy DF OF 
 1 Duncan Keith             Jeff Petry                                        70     0   3  2  
 2 Anton Stralman           Dylan DeMelo                                      30     0   3  2  

Penalty Kill 4 Players Forward 
   Center                   Wing                     Time % Phy DF OF 
 1 Noel Acciari             Zach Aston-Reese         50     0   4  1  
 2 Jujhar Khaira            Zemgus Girgensons        50     0   4  1  

Penalty Kill 4 Players Defense
   Defense                  Defense                  Time % Phy DF OF 
 1 Duncan Keith             Jeff Petry               50     0   4  1  
 2 Anton Stralman           Dylan DeMelo             50     0   4  1  

Penalty Kill - 3 Players Forward 
   Forward                                           Time % Phy DF OF 
 1 Noel Acciari                                      50     0   5  0  
 2 Jujhar Khaira                                     50     0   5  0  

Penalty Kill - 3 Players Defense
   Defense                  Defense                  Time % Phy DF OF 
 1 Duncan Keith             Jeff Petry               50     0   5  0  
 2 Anton Stralman           Dylan DeMelo             50     0   5  0  

4 vs 4 Forward 
   Center                   Wing                     Time % Phy DF OF 
 1 Mark Scheifele           David Pastrnak           50     0   2  3  
 2 John Tavares             Connor Brown             50     0   2  3  

4 vs 4 Defense
   Defense                  Defense                  Time % Phy DF OF 
 1 Duncan Keith             Jeff Petry               50     0   3  2  
 2 Anton Stralman           Dylan DeMelo             50     0   3  2  

Last Minutes Offensive
   Center                   Left Wing                Right Wing               Defense                  Defense                  
   Mark Scheifele           David Pastrnak           Connor Brown             Duncan Keith             Jeff Petry               

Last Minutes Defensive
   Center                   Left Wing                Right Wing               Defense                  Defense                  
   Noel Acciari             Zach Aston-Reese         Zemgus Girgensons        Duncan Keith             Jeff Petry               

Goaltenders
Starting : Marc-Andre Fleury        
Backup : Mikko Koskinen           

Extra Forwards
Normal : Noel Acciari, Jujhar Khaira, Zach Aston-Reese - PP : Noel Acciari, Jujhar Khaira - PK : Nico Sturm
Extra Defensemen
Normal : Haydn Fleury, Troy Stecher, Anton Stralman - PP : Troy Stecher - PK : Troy Stecher, Haydn Fleury
Penalty Shots
Mark Scheifele, John Tavares, David Pastrnak, Connor Brown, Lars Eller
Custom OT Lines Forwards
Mark Scheifele, John Tavares, David Pastrnak, Connor Brown, Lars Eller, Oliver Bjorkstrand, Zach Aston-Reese, Jujhar Khaira, Noel Acciari, Zemgus Girgensons
Custom OT Lines Defensemen
Duncan Keith, Jeff Petry, Anton Stralman, Dylan DeMelo, Haydn Fleury

Scratches
Andreas Johnsson (Healthy), Scott Harrington (Healthy)

% Time on Ice - Flyers

Lines # - Real PCT - Wanted PCT - Time Play
Normal Forward
1 - 34% - 40% - 17:24
2 - 26% - 30% - 13:07
3 - 26% - 20% - 12:58
4 - 14% - 10% - 7:04
Normal Defense
1 - 41% - 40% - 20:55
2 - 30% - 30% - 15:04
3 - 21% - 20% - 10:43
4 - 8% - 10% - 3:51
PP Forward
1 - 59% - 60% - 1:21
2 - 41% - 40% - 0:56
PP Defense
1 - 72% - 60% - 1:38
2 - 28% - 40% - 0:39
PK Forward
1 - 83% - 60% - 4:55
2 - 17% - 40% - 1:02
PK Defense
1 - 72% - 60% - 4:16
2 - 28% - 40% - 1:41
PK3 Forward
1 - 0% - 60%
2 - 0% - 40%
PK3 Defense
1 - 0% - 60%
2 - 0% - 40%
44 Forward
1 - 0% - 60%
2 - 0% - 40%
44 Defense
1 - 0% - 60%
2 - 0% - 40%
Last Minute Offensive  - 0:00
Last Minute Defensive  - 1:13
Total
Forward - 60:00
Defense - 60:00

% Time on Ice - Red Wings

Lines # - Real PCT - Wanted PCT - Time Play
Normal Forward
1 - 33% - 36% - 16:50
2 - 29% - 36% - 14:38
3 - 23% - 20% - 11:47
4 - 14% - 8% - 7:18
Normal Defense
1 - 32% - 34% - 16:21
2 - 35% - 33% - 17:42
3 - 31% - 33% - 15:45
4 - 1% - 0% - 0:45
PP Forward
1 - 57% - 70% - 3:23
2 - 43% - 30% - 2:34
PP Defense
1 - 43% - 70% - 2:33
2 - 57% - 30% - 3:24
PK Forward
1 - 50% - 50% - 1:08
2 - 50% - 50% - 1:09
PK Defense
1 - 87% - 50% - 1:59
2 - 13% - 50% - 0:18
PK3 Forward
1 - 0% - 50%
2 - 0% - 50%
PK3 Defense
1 - 0% - 50%
2 - 0% - 50%
44 Forward
1 - 0% - 50%
2 - 0% - 50%
44 Defense
1 - 0% - 50%
2 - 0% - 50%
Last Minute Offensive  - 1:13
Last Minute Defensive  - 0:00
Total
Forward - 60:00
Defense - 60:00

Play-by-Play

1st period


0:01 of 1st period - Mark Scheifele wins face-off versus Patrick Kane in neutral zone.
0:10 of 1st period - Slapshot by David Pastrnak.
0:10 of 1st period - Shot Hit the Post.
1:10 of 1st period - Snap shot by Nico Sturm.
1:10 of 1st period - Shot Misses the Net.
1:16 of 1st period - Snap shot by Nico Sturm.
1:16 of 1st period - Stopped by Kevin Lankinen with a rebound.
1:58 of 1st period - Snap shot by Martin Necas.
1:58 of 1st period - Shot Blocked by Dylan DeMelo.
2:42 of 1st period - Snap shot by Pat Maroon.
2:42 of 1st period - Stopped by Kevin Lankinen with a rebound.
2:58 of 1st period - Wrist shot by Gabriel Vilardi.
2:58 of 1st period - Stopped by Marc-Andre Fleury without a rebound.
2:59 of 1st period - John Tavares wins face-off versus Leon Draisaitl in Red Wings zone.
3:12 of 1st period - Wrist shot by Kevin Fiala.
3:12 of 1st period - Shot Misses the Net.
3:34 of 1st period - Backhand shot by Jakub Vrana.
3:34 of 1st period - Goal by Jakub Vrana - Flyers : 1 - Red Wings : 0.
3:35 of 1st period - John Tavares wins face-off versus Anthony Cirelli in neutral zone.
3:45 of 1st period - Snap shot by Jakub Vrana.
3:45 of 1st period - Shot Blocked by Dylan DeMelo.
3:47 of 1st period - Slapshot by Aaron Ekblad.
3:47 of 1st period - Shot Blocked by Dylan DeMelo.
3:49 of 1st period - Wrist shot by Aaron Ekblad.
3:49 of 1st period - Stopped by Marc-Andre Fleury without a rebound.
3:50 of 1st period - Mark Scheifele wins face-off versus Leon Draisaitl in Red Wings zone.
3:57 of 1st period - Snap shot by Mark Scheifele.
3:57 of 1st period - Shot Misses the Net.
3:59 of 1st period - Slapshot by Haydn Fleury.
3:59 of 1st period - Stopped by Kevin Lankinen without a rebound.
4:00 of 1st period - Mark Scheifele wins face-off versus Leon Draisaitl in Flyers zone.
4:21 of 1st period - Snap shot by Leon Draisaitl.
4:21 of 1st period - Stopped by Marc-Andre Fleury with a rebound.
5:16 of 1st period - Snap shot by Mark Scheifele.
5:16 of 1st period - Shot Misses the Net.
5:32 of 1st period - Snap shot by David Pastrnak.
5:32 of 1st period - Shot Blocked by Aaron Ekblad.
5:34 of 1st period - Snap shot by Connor Brown.
5:34 of 1st period - Stopped by Kevin Lankinen without a rebound.
5:35 of 1st period - Anthony Cirelli wins face-off versus John Tavares in Flyers zone.
6:06 of 1st period - Wrist shot by Travis Konecny.
6:06 of 1st period - Stopped by Marc-Andre Fleury without a rebound.
6:07 of 1st period - Travis Konecny wins face-off versus Noel Acciari in Red Wings zone.
6:08 of 1st period - Wrist shot by Scott Laughton.
6:08 of 1st period - Stopped by Marc-Andre Fleury with a rebound.
6:10 of 1st period - Wrist shot by Scott Laughton.
6:10 of 1st period - Stopped by Marc-Andre Fleury with a rebound.
6:44 of 1st period - Wrist shot by Drew O'Connor.
6:44 of 1st period - Shot Blocked by Zemgus Girgensons.
6:54 of 1st period - Dylan DeMelo is hit by Patrik Nemeth and loses puck.
7:55 of 1st period - Wrist shot by Oliver Bjorkstrand.
7:55 of 1st period - Shot Misses the Net.
8:20 of 1st period - Snap shot by Mark Scheifele.
8:20 of 1st period - Deflect By Connor Brown.
8:20 of 1st period - Stopped by Kevin Lankinen without a rebound.
8:21 of 1st period - Connor Brown wins face-off versus Calle Jarnkrok in Flyers zone.
8:28 of 1st period - Slapshot by Mark Scheifele.
8:28 of 1st period - Stopped by Kevin Lankinen with a rebound.
8:42 of 1st period - Justin Holl is hit by Jeff Petry and loses puck.
8:48 of 1st period - Off-side.
8:49 of 1st period - John Tavares wins face-off versus Anthony Cirelli in neutral zone.
9:00 of 1st period - Wrist shot by Jakub Vrana.
9:00 of 1st period - Shot Blocked by Haydn Fleury.
9:11 of 1st period - Icing by Lars Eller.
9:12 of 1st period - Nico Sturm wins face-off versus Leon Draisaitl in Red Wings zone.
9:19 of 1st period - Slapshot by Kevin Fiala.
9:19 of 1st period - Shot Misses the Net.
9:27 of 1st period - Snap shot by Leon Draisaitl.
9:27 of 1st period - Stopped by Marc-Andre Fleury without a rebound.
9:28 of 1st period - John Tavares wins face-off versus Anthony Cirelli in Red Wings zone.
9:35 of 1st period - Snap shot by John Tavares.
9:35 of 1st period - Shot Misses the Net.
9:43 of 1st period - Snap shot by Anthony Cirelli.
9:43 of 1st period - Deflect By Martin Necas.
9:43 of 1st period - Shot Misses the Net.
9:43 of 1st period - Puck is out of play.
9:44 of 1st period - Leon Draisaitl wins face-off versus Mark Scheifele in Red Wings zone.
9:47 of 1st period - Snap shot by Patrick Kane.
9:47 of 1st period - Stopped by Marc-Andre Fleury with a rebound.
9:49 of 1st period - Slapshot by Aaron Ekblad.
9:49 of 1st period - Stopped by Marc-Andre Fleury with a rebound.
9:57 of 1st period - Snap shot by Mark Scheifele.
9:57 of 1st period - Shot Blocked by Aaron Ekblad.
10:11 of 1st period - Anthony Cirelli is hit by Oliver Bjorkstrand and loses puck.
10:55 of 1st period - Snap shot by Nico Sturm.
10:55 of 1st period - Shot Misses the Net.
11:07 of 1st period - Minor Penalty to Drew O'Connor for Holding.
11:08 of 1st period - John Tavares wins face-off versus Leon Draisaitl in Flyers zone.
11:24 of 1st period - Aaron Ekblad is hit by Jeff Petry and loses puck.
12:34 of 1st period - Jeff Petry is hit by MacKenzie Weegar and loses puck.
13:07 of 1st period - Penalty to Drew O'Connor is over, Drew O'Connor is back on ice.
13:13 of 1st period - Snap shot by Aaron Ekblad.
13:13 of 1st period - Deflect By Noel Acciari.
13:13 of 1st period - Stopped by Marc-Andre Fleury with a rebound.
13:37 of 1st period - Backhand shot by Pat Maroon.
13:37 of 1st period - Deflect By Nico Sturm.
13:37 of 1st period - Shot Misses the Net.
13:37 of 1st period - Puck is out of play.
13:38 of 1st period - Jujhar Khaira wins face-off versus Gabriel Vilardi in Flyers zone.
13:43 of 1st period - Nico Sturm is hit by Gabriel Vilardi and loses puck.
14:04 of 1st period - Snap shot by Noel Acciari.
14:04 of 1st period - Shot Misses the Net.
14:06 of 1st period - Wrist shot by Zach Aston-Reese.
14:06 of 1st period - Shot Misses the Net.
14:08 of 1st period - Snap shot by Zemgus Girgensons.
14:08 of 1st period - Shot Misses the Net.
14:10 of 1st period - Wrist shot by Noel Acciari.
14:10 of 1st period - Stopped by Kevin Lankinen with a rebound.
14:12 of 1st period - Snap shot by Zach Aston-Reese.
14:12 of 1st period - Shot Misses the Net.
15:16 of 1st period - Snap shot by Nico Sturm.
15:16 of 1st period - Shot Misses the Net.
15:18 of 1st period - Backhand shot by Pat Maroon.
15:18 of 1st period - Stopped by Kevin Lankinen without a rebound.
15:19 of 1st period - John Tavares wins face-off versus Jakub Vrana in Flyers zone.
15:30 of 1st period - Jakub Vrana is hit by John Tavares and loses puck.
15:39 of 1st period - Dylan DeMelo is hit by Anthony Cirelli and loses puck.
16:23 of 1st period - Wrist shot by Patrick Kane.
16:23 of 1st period - Shot Misses the Net.
16:25 of 1st period - Snap shot by Patrick Kane.
16:25 of 1st period - Shot Misses the Net.
16:53 of 1st period - Zemgus Girgensons is hit by Justin Holl and loses puck.
17:26 of 1st period - Snap shot by Mark Scheifele.
17:26 of 1st period - Stopped by Kevin Lankinen with a rebound.
17:28 of 1st period - Snap shot by Connor Brown.
17:28 of 1st period - Stopped by Kevin Lankinen without a rebound.
17:29 of 1st period - Leon Draisaitl wins face-off versus Mark Scheifele in Flyers zone.
17:37 of 1st period - Minor Penalty to Duncan Keith for Hooking.
17:38 of 1st period - Leon Draisaitl wins face-off versus Noel Acciari in Red Wings zone.
19:37 of 1st period - Penalty to Duncan Keith is over, Duncan Keith is back on ice.
19:49 of 1st period - Snap shot by Calle Jarnkrok.
19:49 of 1st period - Stopped by Marc-Andre Fleury with a rebound.
Goals for this period are 1 for Flyers vs 0 for Red Wings.
Shots for this period are 12 for Flyers vs 10 for Red Wings.

2nd period


0:01 of 2nd period - Leon Draisaitl wins face-off versus John Tavares in neutral zone.
0:35 of 2nd period - Wrist shot by Jakub Vrana.
0:35 of 2nd period - Stopped by Marc-Andre Fleury without a rebound.
0:36 of 2nd period - Leon Draisaitl wins face-off versus Mark Scheifele in Red Wings zone.
0:45 of 2nd period - Wrist shot by Patrick Kane.
0:45 of 2nd period - Shot Misses the Net.
1:12 of 2nd period - Wrist shot by Jakub Vrana.
1:12 of 2nd period - Shot Misses the Net.
1:22 of 2nd period - Martin Necas is hit by Oliver Bjorkstrand.
1:26 of 2nd period - Wrist shot by Jakub Vrana.
1:26 of 2nd period - Shot Blocked by John Tavares.
1:46 of 2nd period - Slapshot by John Tavares.
1:46 of 2nd period - Shot Hit the Post.
1:48 of 2nd period - Slapshot by Jeff Petry.
1:48 of 2nd period - Shot Hit the Post.
1:50 of 2nd period - Slapshot by Duncan Keith.
1:50 of 2nd period - Stopped by Kevin Lankinen with a rebound.
2:01 of 2nd period - Slapshot by John Tavares.
2:01 of 2nd period - Shot Blocked by MacKenzie Weegar.
2:19 of 2nd period - Slapshot by Lars Eller.
2:19 of 2nd period - Stopped by Kevin Lankinen with a rebound.
2:21 of 2nd period - Slapshot by Duncan Keith.
2:21 of 2nd period - Shot Blocked by Anthony Cirelli.
2:31 of 2nd period - Snap shot by John Tavares.
2:31 of 2nd period - Stopped by Kevin Lankinen with a rebound.
2:33 of 2nd period - Slapshot by Duncan Keith.
2:33 of 2nd period - Stopped by Kevin Lankinen with a rebound.
2:35 of 2nd period - Slapshot by Duncan Keith.
2:35 of 2nd period - Shot Misses the Net.
2:37 of 2nd period - Slapshot by Jeff Petry.
2:37 of 2nd period - Stopped by Kevin Lankinen with a rebound.
2:39 of 2nd period - Slapshot by Duncan Keith.
2:39 of 2nd period - Stopped by Kevin Lankinen with a rebound.
2:41 of 2nd period - Wrist shot by Lars Eller.
2:41 of 2nd period - Shot Blocked by MacKenzie Weegar.
2:43 of 2nd period - Wrist shot by Lars Eller.
2:43 of 2nd period - Goal by Lars Eller - Flyers : 1 - Red Wings : 1.
2:44 of 2nd period - Leon Draisaitl wins face-off versus Mark Scheifele in neutral zone.
2:52 of 2nd period - Patrick Kane is hit by Connor Brown and loses puck.
3:20 of 2nd period - Snap shot by Zach Aston-Reese.
3:20 of 2nd period - Shot Blocked by Justin Holl.
3:22 of 2nd period - Snap shot by Zemgus Girgensons.
3:22 of 2nd period - Shot Misses the Net.
3:24 of 2nd period - Snap shot by Zach Aston-Reese.
3:24 of 2nd period - Stopped by Kevin Lankinen with a rebound.
3:42 of 2nd period - Snap shot by Dylan Cozens.
3:42 of 2nd period - Shot Misses the Net.
3:44 of 2nd period - Slapshot by Justin Holl.
3:44 of 2nd period - Stopped by Marc-Andre Fleury without a rebound.
3:45 of 2nd period - Leon Draisaitl wins face-off versus Mark Scheifele in Red Wings zone.
4:19 of 2nd period - Zach Aston-Reese is hit by Travis Konecny and loses puck.
4:39 of 2nd period - Off-side.
4:40 of 2nd period - Mark Scheifele wins face-off versus Leon Draisaitl in neutral zone.
4:45 of 2nd period - Snap shot by Mark Scheifele.
4:45 of 2nd period - Shot Blocked by Leon Draisaitl.
4:55 of 2nd period - Wrist shot by Patrick Kane.
4:55 of 2nd period - Shot Misses the Net.
4:57 of 2nd period - Snap shot by Leon Draisaitl.
4:57 of 2nd period - Stopped by Marc-Andre Fleury with a rebound.
5:07 of 2nd period - Jakub Vrana is hit by John Tavares and loses puck.
5:14 of 2nd period - Snap shot by Martin Necas.
5:14 of 2nd period - Shot Misses the Net.
5:16 of 2nd period - Wrist shot by Anthony Cirelli.
5:16 of 2nd period - Shot Misses the Net.
5:28 of 2nd period - Wrist shot by Drew O'Connor.
5:28 of 2nd period - Shot Misses the Net.
5:30 of 2nd period - Slapshot by Patrik Nemeth.
5:30 of 2nd period - Shot Blocked by Zach Aston-Reese.
5:32 of 2nd period - Wrist shot by Dylan Cozens.
5:32 of 2nd period - Shot Blocked by Zemgus Girgensons.
5:52 of 2nd period - Nico Sturm is hit by Travis Konecny.
6:08 of 2nd period - Minor Penalty to Duncan Keith for Holding Stick.
6:09 of 2nd period - Kevin Fiala wins face-off versus Jujhar Khaira in Red Wings zone.
6:10 of 2nd period - Wrist shot by Patrick Kane.
6:10 of 2nd period - Shot Blocked by Zemgus Girgensons.
6:12 of 2nd period - Snap shot by Patrick Kane.
6:12 of 2nd period - Stopped by Marc-Andre Fleury with a rebound.
6:14 of 2nd period - Snap shot by Leon Draisaitl.
6:14 of 2nd period - Shot Blocked by Dylan DeMelo.
6:16 of 2nd period - Snap shot by Kevin Fiala.
6:16 of 2nd period - Stopped by Marc-Andre Fleury without a rebound.
6:17 of 2nd period - Leon Draisaitl wins face-off versus Jujhar Khaira in Red Wings zone.
6:24 of 2nd period - Wrist shot by Leon Draisaitl.
6:24 of 2nd period - Shot Misses the Net.
6:26 of 2nd period - Snap shot by Patrick Kane.
6:26 of 2nd period - Goal by Patrick Kane - Flyers : 2 - Red Wings : 1.
6:27 of 2nd period - Mark Scheifele wins face-off versus Leon Draisaitl in neutral zone.
6:42 of 2nd period - Snap shot by Mark Scheifele.
6:42 of 2nd period - Shot Blocked by Kevin Fiala.
7:18 of 2nd period - Noel Acciari is hit by Calle Jarnkrok.
7:24 of 2nd period - Snap shot by Travis Konecny.
7:24 of 2nd period - Shot Misses the Net.
8:02 of 2nd period - Wrist shot by Leon Draisaitl.
8:02 of 2nd period - Stopped by Marc-Andre Fleury with a rebound.
8:10 of 2nd period - John Marino is hit by Mark Scheifele and loses puck.
8:21 of 2nd period - Patrick Kane is hit by Noel Acciari and loses puck.
9:05 of 2nd period - Wrist shot by Leon Draisaitl.
9:05 of 2nd period - Shot Misses the Net.
9:10 of 2nd period - Off-side.
9:11 of 2nd period - Anthony Cirelli wins face-off versus Mark Scheifele in neutral zone.
9:19 of 2nd period - Off-side.
9:20 of 2nd period - Anthony Cirelli wins face-off versus Mark Scheifele in neutral zone.
9:29 of 2nd period - Snap shot by Anthony Cirelli.
9:29 of 2nd period - Shot Misses the Net.
9:38 of 2nd period - Off-side.
9:39 of 2nd period - John Tavares wins face-off versus Calle Jarnkrok in neutral zone.
10:38 of 2nd period - Snap shot by Travis Konecny.
10:38 of 2nd period - Stopped by Marc-Andre Fleury with a rebound.
10:42 of 2nd period - Wrist shot by Travis Konecny.
10:42 of 2nd period - Stopped by Marc-Andre Fleury with a rebound.
11:15 of 2nd period - Snap shot by Travis Konecny.
11:15 of 2nd period - Shot Blocked by Duncan Keith.
11:17 of 2nd period - Snap shot by Travis Konecny.
11:17 of 2nd period - Stopped by Marc-Andre Fleury with a rebound.
11:19 of 2nd period - Wrist shot by Scott Laughton.
11:19 of 2nd period - Stopped by Marc-Andre Fleury with a rebound.
11:37 of 2nd period - Patrik Nemeth is hit by Jeff Petry and loses puck.
12:55 of 2nd period - Wrist shot by Scott Laughton.
12:55 of 2nd period - Shot Misses the Net.
12:57 of 2nd period - Snap shot by Justin Holl.
12:57 of 2nd period - Deflect By Scott Laughton.
12:57 of 2nd period - Stopped by Marc-Andre Fleury without a rebound.
12:58 of 2nd period - Mark Scheifele wins face-off versus Kevin Fiala in Red Wings zone.
12:58 of 2nd period - Mark Scheifele is hit by Leon Draisaitl.
13:07 of 2nd period - Minor Penalty to Kevin Fiala for Slashing.
13:08 of 2nd period - John Tavares wins face-off versus Leon Draisaitl in Flyers zone.
13:16 of 2nd period - Wrist shot by Mark Scheifele.
13:16 of 2nd period - Stopped by Kevin Lankinen with a rebound.
13:18 of 2nd period - Slapshot by Dylan DeMelo.
13:18 of 2nd period - Shot Misses the Net.
14:05 of 2nd period - Slapshot by Anthony Cirelli.
14:05 of 2nd period - Shot Misses the Net.
15:07 of 2nd period - Penalty to Kevin Fiala is over, Kevin Fiala is back on ice.
15:11 of 2nd period - John Marino is hit by Jujhar Khaira and loses puck.
16:24 of 2nd period - Snap shot by Jujhar Khaira.
16:24 of 2nd period - Stopped by Kevin Lankinen with a rebound.
16:33 of 2nd period - Icing by Gabriel Vilardi.
16:34 of 2nd period - Gabriel Vilardi wins face-off versus John Tavares in Flyers zone.
16:34 of 2nd period - Gabriel Vilardi is hit by John Tavares.
16:50 of 2nd period - Kevin Fiala is hit by Lars Eller and loses puck.
17:08 of 2nd period - Snap shot by Patrick Kane.
17:08 of 2nd period - Shot Misses the Net.
18:49 of 2nd period - Martin Necas is hit by John Tavares.
18:50 of 2nd period - Icing by Martin Necas.
18:51 of 2nd period - Oliver Bjorkstrand wins face-off versus Anthony Cirelli in Flyers zone.
19:05 of 2nd period - Aaron Ekblad is hit by Jujhar Khaira and loses puck.
19:24 of 2nd period - Wade Allison is hit by David Pastrnak and loses puck.
Goals for this period are 1 for Flyers vs 1 for Red Wings.
Shots for this period are 12 for Flyers vs 10 for Red Wings.

3rd period


0:01 of 3rd period - John Tavares wins face-off versus Leon Draisaitl in neutral zone.
0:04 of 3rd period - Leon Draisaitl is hit by Troy Stecher and loses puck.
0:17 of 3rd period - Slapshot by Leon Draisaitl.
0:17 of 3rd period - Stopped by Marc-Andre Fleury without a rebound.
0:18 of 3rd period - Mark Scheifele wins face-off versus Anthony Cirelli in Red Wings zone.
0:44 of 3rd period - Anton Stralman is hit by Kevin Fiala and loses puck.
0:52 of 3rd period - Off-side.
0:53 of 3rd period - Leon Draisaitl wins face-off versus Mark Scheifele in neutral zone.
1:22 of 3rd period - Slapshot by John Tavares.
1:22 of 3rd period - Stopped by Kevin Lankinen without a rebound.
1:23 of 3rd period - John Tavares wins face-off versus Anthony Cirelli in Flyers zone.
1:30 of 3rd period - Slapshot by Oliver Bjorkstrand.
1:30 of 3rd period - Shot Misses the Net.
1:32 of 3rd period - Slapshot by Lars Eller.
1:32 of 3rd period - Stopped by Kevin Lankinen with a rebound.
1:46 of 3rd period - Slapshot by Aaron Ekblad.
1:46 of 3rd period - Stopped by Marc-Andre Fleury without a rebound.
1:47 of 3rd period - Mark Scheifele wins face-off versus Leon Draisaitl in Red Wings zone.
1:53 of 3rd period - Connor Brown is hit by Justin Holl and loses puck.
2:14 of 3rd period - Snap shot by Martin Necas.
2:14 of 3rd period - Stopped by Marc-Andre Fleury without a rebound.
2:15 of 3rd period - John Tavares wins face-off versus Anthony Cirelli in Red Wings zone.
2:27 of 3rd period - Snap shot by Martin Necas.
2:27 of 3rd period - Shot Blocked by Oliver Bjorkstrand.
2:29 of 3rd period - Wrist shot by MacKenzie Weegar.
2:29 of 3rd period - Deflect By Jakub Vrana.
2:29 of 3rd period - Stopped by Marc-Andre Fleury without a rebound.
2:30 of 3rd period - Mark Scheifele wins face-off versus Leon Draisaitl in Red Wings zone.
2:57 of 3rd period - David Pastrnak is hit by Aaron Ekblad and loses puck.
3:29 of 3rd period - John Marino is hit by Connor Brown and loses puck.
3:36 of 3rd period - Slapshot by Mark Scheifele.
3:36 of 3rd period - Stopped by Kevin Lankinen with a rebound.
3:38 of 3rd period - Slapshot by Jeff Petry.
3:38 of 3rd period - Stopped by Kevin Lankinen without a rebound.
3:39 of 3rd period - Leon Draisaitl wins face-off versus John Tavares in Flyers zone.
5:13 of 3rd period - Snap shot by Drew O'Connor.
5:13 of 3rd period - Shot Misses the Net.
5:15 of 3rd period - Snap shot by Dylan Cozens.
5:15 of 3rd period - Deflect By Zemgus Girgensons.
5:15 of 3rd period - Shot Blocked by Anton Stralman.
5:15 of 3rd period - Puck is out of play.
5:16 of 3rd period - Noel Acciari wins face-off versus Kevin Fiala in Red Wings zone.
5:31 of 3rd period - Backhand shot by Leon Draisaitl.
5:31 of 3rd period - Stopped by Marc-Andre Fleury without a rebound.
5:32 of 3rd period - John Tavares wins face-off versus Anthony Cirelli in Red Wings zone.
5:32 of 3rd period - John Tavares is hit by MacKenzie Weegar.
5:58 of 3rd period - Troy Stecher is hit by Patrick Kane and loses puck.
6:05 of 3rd period - Snap shot by Leon Draisaitl.
6:05 of 3rd period - Shot Misses the Net.
6:07 of 3rd period - Snap shot by Leon Draisaitl.
6:07 of 3rd period - Shot Misses the Net.
6:41 of 3rd period - Jujhar Khaira is hit by Dylan Cozens and loses puck.
7:21 of 3rd period - Slapshot by David Pastrnak.
7:21 of 3rd period - Stopped by Kevin Lankinen with a rebound.
7:23 of 3rd period - Slapshot by Duncan Keith.
7:23 of 3rd period - Shot Blocked by Patrick Kane.
7:25 of 3rd period - Snap shot by Connor Brown.
7:25 of 3rd period - Shot Misses the Net.
7:27 of 3rd period - Slapshot by Duncan Keith.
7:27 of 3rd period - Shot Blocked by Kevin Fiala.
7:46 of 3rd period - Anton Stralman is hit by Justin Schultz and loses puck.
8:31 of 3rd period - Icing by Lars Eller.
8:32 of 3rd period - Gabriel Vilardi wins face-off versus John Tavares in Red Wings zone.
8:41 of 3rd period - Snap shot by Dylan Cozens.
8:41 of 3rd period - Stopped by Marc-Andre Fleury without a rebound.
8:42 of 3rd period - Leon Draisaitl wins face-off versus John Tavares in Red Wings zone.
8:51 of 3rd period - Snap shot by Patrick Kane.
8:51 of 3rd period - Shot Misses the Net.
9:06 of 3rd period - Icing by Duncan Keith.
9:07 of 3rd period - Anthony Cirelli wins face-off versus Noel Acciari in Red Wings zone.
9:16 of 3rd period - Snap shot by Zach Aston-Reese.
9:16 of 3rd period - Stopped by Kevin Lankinen with a rebound.
9:18 of 3rd period - Wrist shot by Jeff Petry.
9:18 of 3rd period - Shot Misses the Net.
9:20 of 3rd period - Slapshot by Jeff Petry.
9:20 of 3rd period - Deflect By Zemgus Girgensons.
9:20 of 3rd period - Stopped by Kevin Lankinen without a rebound.
9:21 of 3rd period - Leon Draisaitl wins face-off versus Oliver Bjorkstrand in Flyers zone.
9:30 of 3rd period - Snap shot by Patrick Kane.
9:30 of 3rd period - Shot Misses the Net.
9:46 of 3rd period - Mark Scheifele is hit by Aaron Ekblad.
10:36 of 3rd period - Lars Eller is hit by Drew O'Connor and loses puck.
10:48 of 3rd period - Icing by Aaron Ekblad.
10:49 of 3rd period - Leon Draisaitl wins face-off versus David Pastrnak in Flyers zone.
11:24 of 3rd period - Wrist shot by Calle Jarnkrok.
11:24 of 3rd period - Shot Misses the Net.
11:26 of 3rd period - Snap shot by Calle Jarnkrok.
11:26 of 3rd period - Stopped by Marc-Andre Fleury without a rebound.
11:27 of 3rd period - John Tavares wins face-off versus Leon Draisaitl in Red Wings zone.
12:07 of 3rd period - Minor Penalty to Aaron Ekblad for Roughing.
12:08 of 3rd period - John Tavares wins face-off versus Leon Draisaitl in Flyers zone.
12:21 of 3rd period - Slapshot by Jeff Petry.
12:21 of 3rd period - Deflect By Leon Draisaitl.
12:21 of 3rd period - Stopped by Kevin Lankinen with a rebound.
14:03 of 3rd period - Travis Konecny is hit by Jujhar Khaira and loses puck.
14:07 of 3rd period - Penalty to Aaron Ekblad is over, Aaron Ekblad is back on ice.
14:08 of 3rd period - Slapshot by Noel Acciari.
14:08 of 3rd period - Shot Misses the Net.
14:14 of 3rd period - Troy Stecher is hit by Aaron Ekblad and loses puck.
14:29 of 3rd period - Slapshot by Aaron Ekblad.
14:29 of 3rd period - Stopped by Marc-Andre Fleury without a rebound.
14:30 of 3rd period - John Tavares wins face-off versus Gabriel Vilardi in Red Wings zone.
15:31 of 3rd period - Snap shot by Patrick Kane.
15:31 of 3rd period - Stopped by Marc-Andre Fleury without a rebound.
15:32 of 3rd period - Anthony Cirelli wins face-off versus Noel Acciari in Red Wings zone.
15:33 of 3rd period - Wrist shot by Martin Necas.
15:33 of 3rd period - Stopped by Marc-Andre Fleury without a rebound.
15:34 of 3rd period - Anthony Cirelli wins face-off versus Noel Acciari in Red Wings zone.
15:35 of 3rd period - Slapshot by Jakub Vrana.
15:35 of 3rd period - Deflect By Anthony Cirelli.
15:35 of 3rd period - Stopped by Marc-Andre Fleury with a rebound.
15:37 of 3rd period - Slapshot by Patrik Nemeth.
15:37 of 3rd period - Deflect By Jeff Petry.
15:37 of 3rd period - Stopped by Marc-Andre Fleury with a rebound.
15:43 of 3rd period - Snap shot by Jakub Vrana.
15:43 of 3rd period - Shot Blocked by Zach Aston-Reese.
15:45 of 3rd period - Snap shot by Justin Holl.
15:45 of 3rd period - Stopped by Marc-Andre Fleury without a rebound.
15:46 of 3rd period - Mark Scheifele wins face-off versus Leon Draisaitl in Red Wings zone.
16:23 of 3rd period - Snap shot by Scott Laughton.
16:23 of 3rd period - Stopped by Marc-Andre Fleury without a rebound.
16:24 of 3rd period - John Tavares wins face-off versus Calle Jarnkrok in Red Wings zone.
16:31 of 3rd period - Slapshot by Travis Konecny.
16:31 of 3rd period - Stopped by Marc-Andre Fleury without a rebound.
16:32 of 3rd period - John Tavares wins face-off versus Leon Draisaitl in Red Wings zone.
18:08 of 3rd period - Wrist shot by Mark Scheifele.
18:08 of 3rd period - Stopped by Kevin Lankinen with a rebound.
18:26 of 3rd period - Wrist shot by Scott Laughton.
18:26 of 3rd period - Shot Misses the Net.
18:34 of 3rd period - Snap shot by David Pastrnak.
18:34 of 3rd period - Stopped by Kevin Lankinen with a rebound.
18:36 of 3rd period - Snap shot by Anton Stralman.
18:36 of 3rd period - Stopped by Kevin Lankinen with a rebound.
18:38 of 3rd period - Slapshot by Anton Stralman.
18:38 of 3rd period - Stopped by Kevin Lankinen with a rebound.
18:40 of 3rd period - Slapshot by Dylan DeMelo.
18:40 of 3rd period - Shot Misses the Net.
18:42 of 3rd period - Slapshot by David Pastrnak.
18:42 of 3rd period - Shot Misses the Net.
18:44 of 3rd period - Snap shot by Dylan DeMelo.
18:44 of 3rd period - Stopped by Kevin Lankinen with a rebound.
18:46 of 3rd period - Slapshot by Dylan DeMelo.
18:46 of 3rd period - Stopped by Kevin Lankinen without a rebound.
18:47 of 3rd period - Brent Thompson call a timeout for Red Wings.
18:47 of 3rd period - Noel Acciari wins face-off versus Leon Draisaitl in Flyers zone.
18:50 of 3rd period - Snap shot by Zach Aston-Reese.
18:50 of 3rd period - Stopped by Kevin Lankinen without a rebound.
18:51 of 3rd period - Kevin Fiala wins face-off versus Noel Acciari in Flyers zone.
18:51 of 3rd period - Kevin Fiala is hit by Zach Aston-Reese.
18:58 of 3rd period - Off-side.
18:59 of 3rd period - Noel Acciari wins face-off versus Leon Draisaitl in neutral zone.
19:02 of 3rd period - Red Wings, Marc-Andre Fleury is pulled from the net.
19:02 of 3rd period - Wrist shot by Duncan Keith.
19:02 of 3rd period - Shot Blocked by Leon Draisaitl.
19:59 of 3rd period - Duncan Keith is hit by Kevin Fiala and loses puck.
Goals for this period are 0 for Flyers vs 0 for Red Wings.
Shots for this period are 15 for Flyers vs 15 for Red Wings. Output by the SimonT Hockey Simulator (STHS) for Eric Tremblay - Original Page W3C HTML5 Valid
Hockey Simulator - Hockey Simulation - Hockey Manager